 Dungeon Crawl Stone Soup version 0.29-a0-275-g389c0b56f3 (webtiles) character file.

Game seed: 9828469468853322711

10682 siradein the Fighter (level 11, -3/115 HPs)
             Began as an Ogre Hunter on Mar 10, 2022.
             Was a Priest of Hepliaklqana.
             Slain by a bullfrog (5 damage)
             ... on level 1 of the Lair of Beasts on Mar 11, 2022.
             The game lasted 00:33:26 (14291 turns).

siradein the Fighter (Ogre Hunter)                 Turns: 14291, Time: 00:33:27

Health: -3/115     AC:  6    Str: 18    XL:     11   Next: 65%
Magic:  11/11      EV: 13    Int: 12    God:    Hepliaklqana [***...]
Gold:   601        SH:  5    Dex: 13    Spells: 10/10 levels left

rFire   x x .      SeeInvis .   J - +3 war axe "Jueteege" {freeze, rN+}
rCold   + + .      Faith    .   (no shield)
rNeg    + . .      Spirit   .   y - +0 steam dragon scales
rPois   .          Reflect  +   (helmet restricted)
rElec   .          Harm     .   (no cloak)
rCorr   .          Rampage  .   (gloves unavailable)
Will    +....                   (boots unavailable)
Stlth   +.........              x - amulet of reflection
HPRegen 0.29/turn               K - ring of ice
MPRegen 0.12/turn               C - ring of ice

@: frozen, very slow
A: reduced essence, large, unfitting armour, tough skin 1
a: Renounce Religion, Recall Ancestor, Ancestor Identity, Transference


You were on level 1 of the Lair of Beasts.
You worshipped Hepliaklqana.
Hepliaklqana was most pleased with you.
You visited 3 branches of the dungeon, and saw 14 of its levels.
You also visited: Ossuary.

You collected 601 gold pieces.

Inventory:

Hand Weapons
 e - a +0 arbalest
 u - the +8 hand axe "Atrodwio" {venom, rC+}
   (You took it off a hobgoblin on level 4 of the Dungeon)

   It poisons the flesh of those it strikes.
   rC:        It protects you from cold.
 J - the +3 war axe "Jueteege" (weapon) {freeze, rN+}
   (You found it on level 9 of the Dungeon)

   It freezes those it strikes, dealing additional cold damage.
   It can also slow down cold-blooded creatures.
   rN:        It protects you from negative energy.
Armour
 y - +0 steam dragon scales (worn)
Jewellery
 i - a +4 ring of protection
 q - a ring of see invisible
 x - an amulet of reflection (around neck)
 C - a ring of ice (right hand)
 H - an amulet of the acrobat
 K - a ring of ice (left hand)
Wands
 b - a wand of paralysis (13)
 f - a wand of polymorph (3)
 l - a wand of flame (23)
 F - a wand of iceblast (7)
Scrolls
 c - 3 scrolls of immolation
 g - 3 scrolls of vulnerability
 h - 9 scrolls of teleportation
 j - a scroll of blinking
 m - a scroll of acquirement
 o - a scroll of magic mapping
 t - 2 scrolls of summoning
 w - 2 scrolls of amnesia
 z - 3 scrolls of fog
 A - 2 scrolls of enchant armour
 B - a scroll of fear
 G - a scroll of holy word
Potions
 a - 4 potions of lignification
 d - 7 potions of curing
 k - a potion of cancellation {unknown}
 n - 2 potions of attraction {unknown}
 p - a potion of ambrosia {unknown}
 r - 2 potions of heal wounds
 s - a potion of flight
 v - a potion of berserk rage {unknown}
 D - a potion of haste {unknown}
 E - a potion of experience {unknown}
 I - a potion of brilliance {unknown}
 L - a potion of invisibility {unknown}
 M - 2 potions of magic
 N - a potion of mutation {unknown}
 O - a potion of might


   Skills:
 + Level 13.7 Fighting
 + Level 8.7 Crossbows
 + Level 9.8 Dodging
 - Level 0.6 Stealth


You had 10 spell levels left.
You didn't know any spells.
Your spell library contained the following spells:

 Spells                   Type           Power      Damage    Failure   Level
 Corpse Rot               Necr/Air       0%         N/A       45%         2
 Poisonous Vapours        Pois/Air       0%         N/A       45%         2
 Sublimation of Blood     Necr           0%         N/A       45%         2
 Wereblood                Tmut           0%         N/A       45%         2
 Inner Flame              Hex/Fire       0%         N/A       69%         3
 Cause Fear               Hex            0%         N/A       97%         4
 Summon Hydra             Summ           0%         N/A       100%        7
 Discord                  Hex            0%         N/A       100%        8


Dungeon Overview and Level Annotations

Branches:
Dungeon (11/15)            Temple (1/1) D:6            Lair (2/6) D:10
    Orc (0/2) D:10        Ossuary (visited)
  Swamp: Lair:2-4    Shoals: Lair:2-4     Snake: Lair:2-4    Spider: Lair:2-4

Altars:
Ashenzari
Cheibriados
Elyvilon
Fedhas
Hepliaklqana
Kikubaaqudgha
Okawaru
Sif Muna
Uskayaw
Vehumet
Wu Jian
Yredelemnul
Zin
The Shining One

Annotations:
D:4 3 runed translucent doors, tonyyikes's ghost, amateur NaIE
D:7 4 runed translucent doors, Crazy Yiuf; sammy202020's ghost, novice DsBe
D:11 Snorg
Lair:1 Fannar


Innate Abilities, Weirdness & Mutations

Your life essence is reduced to manifest your ancestor. (-10% HP)
You are too large for most types of armour.
You have tough skin. (AC +1)


Message History

Master Baiter gestures at the water moccasin while chanting.
The water moccasin seems to slow down.
The water moccasin barely misses Master Baiter.
The blink frog blinks!
The bullfrog completely misses the fungus.
Master Baiter hits the water moccasin with a +0 dagger of draining!
Unknown command.
Unknown command.
You hit the water moccasin.
The water moccasin seems to slow down.
You freeze the water moccasin.
You kill the water moccasin!
The blink frog blinks!
The bullfrog hits you!
* * * LOW HITPOINT WARNING * * *
Unknown command.
Unknown command.
Unknown command.
The blink frog blinks!
You block the bullfrog's attack.
Master Baiter points at the bullfrog and mumbles some strange words.
The bullfrog seems to slow down.
You climb upwards.
Level annotation: Fannar The rime drake breathes ice at you.
The flash freeze misses you. The ice beast closely misses you.
The rime drake bites you but does no damage.
You block the ice beast's attack. The ice beast hits you.
* * * LOW HITPOINT WARNING * * *
The ice beast freezes you. You resist.
* * * LOW HITPOINT WARNING * * *
There is a stone staircase leading down here.
The rime drake attacks as you move away!
The rime drake barely misses you. The ice beast attacks as you move away!
The ice beast closely misses you. The bullfrog attacks as you move away!
The bullfrog barely misses you. The rime drake breathes ice at you.
The flash freeze hits you! You partially resist.
* * * LOW HITPOINT WARNING * * *
You are encased in ice.
Master Baiter hits the rime drake with a +0 dagger of draining.
The bullfrog hits you.
You die...

..........#(..Y..........
#..#.....##..e....##.#...
#....e#...#P##### ## ..
#.#+#.##.#### .
##.....###.### ##
#.#.#.#..#.⌠.##..##
#.......#eR...#....
.+...⌠......YF⌠.#
..........YkY.@##
#..#.....#..⌠...#
###....†####.##..#
####.#.# ### ##.. .#
#..#...## ### #..
#.......## #...
#........# #..#
#...#.⌠...######### #..#
..#.#.....#.......##..#


You could see the friendly Master Baiter the hexer, Fannar (very poisoned), a
rime drake (ally target), 3 ice beasts and a bullfrog (slow).

Vanquished Creatures
  A hydra (D:11)
  2 two-headed ogres (D:10)
  A black mamba (Lair:1)
  Joseph (D:8)
  A gargoyle (D:11)
  A rime drake (Lair:1)
  2 cane toads (Lair:1)
  A wraith (Ossuary)
  4 yaks
  Grum (D:8)
  2 steam dragons
  Menkaure (D:4)
  3 vampire mosquitoes (D:10)
  3 water moccasins
  2 black bears
  A swamp drake (D:10)
  3 orc warriors
  4 ice beasts
  A wolf (D:8)
  3 centaurs
  3 kobold brigands
  Blork the orc (D:4)
  A bullfrog (Lair:1)
  A necrophage (D:6)
  A scorpion (D:6)
  8 killer bees (D:9)
  3 howler monkeys
  3 hounds
  3 orc priests (D:10)
  2 jellies
  A gnoll shaman (D:7)
  Jessica (D:2)
  6 iguanas
  2 hexers
  5 orc wizards
  3 mummies (Ossuary)
  Robin (D:4)
  6 gnolls
  10 adders
  A shadow imp (D:6)
  A white imp (D:7)
  An ufetubus (D:6)
  A worm (D:2)
  A dart slug (D:1)
  15 orcs
  4 bats
  9 endoplasms
  2 giant cockroaches (D:2)
  12 goblins
  12 hobgoblins
  2 jackals (D:2)
  3 quokkas
  10 ball pythons
  3 frilled lizards
  2 goblin zombies (Ossuary)
  4 hobgoblin zombies
  11 kobolds
  3 kobold zombies
  An orc zombie (Ossuary)
  6 rats
203 creatures vanquished.

Vanquished Creatures (collateral kills)
  A cane toad (Lair:1)
  3 yaks
  3 water moccasins
  An ice beast (D:7)
  6 wolves
  A gnoll sergeant (D:8)
  A bullfrog (D:8)
  A scorpion (D:7)
  5 killer bees (D:9)
  2 howler monkeys (D:10)
  An iguana (D:7)
  A mummy (D:8)
  2 gnolls (D:8)
  A kobold zombie (Ossuary)
29 creatures vanquished.

Vanquished Creatures (others)
  An ancestor (D:7)
  9 hexers
  A fungus (Lair:1)
  4 plants (Lair:1)
15 creatures vanquished.

Grand Total: 247 creatures vanquished

Notes
Turn   | Place    | Note
-------+----------+-------------------------------------------
     0 | D:1      | siradein the Ogre Hunter began the quest for the Orb.
     0 | D:1      | Reached XP level 1. HP: 22/22 MP: 1/1
    75 | D:1      | Reached skill level 3 in Fighting
    97 | D:1      | Found a faded altar of an unknown god.
   135 | D:1      | Reached XP level 2. HP: 31/31 MP: 2/2
   679 | D:1      | Reached XP level 3. HP: 37/37 MP: 3/3
   948 | D:2      | Noticed Jessica
   952 | D:2      | Killed Jessica
  1008 | D:2      | Reached XP level 4. HP: 47/48 MP: 4/4
  1015 | D:2      | Reached skill level 4 in Fighting
  2246 | D:3      | Reached XP level 5. HP: 55/55 MP: 5/5
  2264 | D:3      | Found a shimmering blue altar of Sif Muna.
  2544 | D:3      | Found an iron altar of Okawaru.
  3156 | D:4      | Noticed Robin
  3168 | D:4      | Noticed Blork the orc
  3267 | D:4      | Reached skill level 5 in Fighting
  3322 | D:4      | Reached XP level 6. HP: 65/66 MP: 6/6
  3504 | D:4      | Identified the +8 hand axe "Atrodwio" {venom, rC+}
  4017 | D:4      | Noticed Menkaure
  4031 | D:4      | HP: 3/66 [Menkaure (15)]
  4032 | D:4      | Killed Menkaure
  4384 | D:4      | Killed Blork the orc
  4385 | D:4      | Reached skill level 6 in Fighting
  4385 | D:4      | Reached XP level 7. HP: 39/75 MP: 7/7
  4889 | D:4      | Found a runed translucent gate.
  4891 | D:4      | Found a runed translucent gate.
  4891 | D:4      | Found a runed translucent gate.
  4895 | D:4      | Noticed tonyyikes's ghost (amateur NaIE)
  5172 | D:4      | Killed Robin
  5551 | D:5      | Entered Level 5 of the Dungeon
  5555 | D:5      | Identified a scroll of acquirement
  5826 | D:5      | Noticed a kobold demonologist
  6026 | D:6      | Reached skill level 7 in Fighting
  6158 | D:6      | Reached XP level 8. HP: 73/87 MP: 8/8
  6251 | D:6      | Found a staircase to the Ecumenical Temple.
  6260 | Temple   | Entered the Ecumenical Temple
  6294 | Temple   | Became a worshipper of Hepliaklqana the Forgotten
  6455 | D:6      | Reached skill level 5 in Crossbows
  6455 | D:6      | Reached skill level 5 in Dodging
  7204 | D:6      | Reached skill level 8 in Fighting
  7991 | D:7      | Reached * piety under Hepliaklqana
  8009 | D:7      | Found a runed translucent door.
  8010 | D:7      | Noticed Crazy Yiuf
  8055 | D:7      | Reached XP level 9. HP: 87/87 MP: 9/9
  8074 | D:7      | Reached skill level 9 in Fighting
  8190 | D:7      | Found a runed translucent gate.
  8190 | D:7      | Found a runed translucent gate.
  8190 | D:7      | Found a runed translucent gate.
  8190 | D:7      | Noticed sammy202020's ghost (novice DsBe)
  8190 | D:7      | Noticed a kobold demonologist
  8354 | D:7      | Found a hide-covered altar of Uskayaw.
  8411 | D:7      | Found a glowing silver altar of Zin.
  9315 | D:8      | Found a sand-covered staircase.
  9322 | Ossuary  | Entered an ossuary
  9338 | Ossuary  | Reached ** piety under Hepliaklqana
  9339 | Ossuary  | Remembered your ancestor Master Baiter as a hexer
  9545 | Ossuary  | Reached skill level 10 in Fighting
  9851 | D:8      | Noticed a brown ugly thing
  9872 | D:8      | Identified the +11 great sword of Abomination {distort,
                  | Dex+3 Stlth+}
 10060 | D:8      | Found a broken altar of Ashenzari.
 10233 | D:8      | Noticed Joseph
 10245 | D:8      | Killed Joseph
 10257 | D:8      | Reached XP level 10. HP: 99/99 MP: 10/10
 10268 | D:8      | Reached skill level 11 in Fighting
 10590 | D:8      | Noticed Grum
 10614 | D:8      | Killed Grum
 10955 | D:9      | Identified the +3 war axe "Jueteege" {freeze, rN+}
 11027 | D:9      | Reached *** piety under Hepliaklqana
 11091 | D:9      | Found a basalt altar of Yredelemnul.
 12028 | D:10     | Entered Level 10 of the Dungeon
 12104 | D:10     | Noticed a two-headed ogre
 12113 | D:10     | Killed a two-headed ogre
 12114 | D:10     | Reached skill level 12 in Fighting
 12129 | D:10     | Noticed a two-headed ogre
 12270 | D:10     | Found a staircase to the Lair.
 12755 | D:10     | Reached XP level 11. HP: 111/111 MP: 11/11
 12863 | D:10     | Killed a two-headed ogre
 13097 | D:10     | Found a staircase to the Orcish Mines.
 13314 | D:11     | Noticed an eight-headed hydra
 13317 | D:11     | Noticed Snorg
 13324 | D:11     | Killed an eight-headed hydra
 13325 | D:11     | Reached skill level 13 in Fighting
 13870 | Lair:1   | Entered Level 1 of the Lair of Beasts
 14235 | Lair:1   | Noticed Fannar
 14286 | Lair:2   | Noticed an eight-headed hydra
 14290 | Lair:1   | HP: 2/115 [rime drake/flash freeze (10)]
 14291 | Lair:1   | Slain by a bullfrog

Illustrated notes

Levels and vault maps discovered:
D:1:      amcnicky_arrival_single_pillar, layout_basic, basic_ecumenical_altar,
          minivault_26, hangedman_feature_mirror, minivault_4,
          minmay_crystal_water, minivault_4, hangedman_decor_push
D:2:      layout_loops_ring, uniq_jessica
D:3:      layout_loops_ring, okawaru_gym_becter, kennysheep_orc_sif_temple,
          serial_co_window_serial, co_window_paths_b, co_window_corner_a,
          co_window_corner_a, co_window_paths_b, co_window_paths_b,
          co_window_corner_a, co_window_of_opportunity_b, co_window_broadway_a,
          co_window_broadway_c, co_window_2corner, co_window_2corner,
          co_window_unsneaky_path_d, co_window_paths_e, glass_columns_c,
          glass_columns_a, glass_columns_a, glass_columns_b
D:4:      layout_basic, gammafunk_ghost_necromancy, uniq_blork_the_orc,
          uniq_menkaure, uniq_robin
D:5:      kennysheep_big_flooded_room, layout_loops_corners,
          mainiacjoe_overflow_tiny_flanked, fountainhead
D:6:      layout_basic, minmay_temple_entry_wispy
D:7:      layout_loops_corners, overflow_temple_1_default,
          nicolae_uskayaw_dance_hall, gammafunk_ghost_nasty_kobolds,
          moated_statue, uniq_crazy_yiuf_cottage
D:8:      kennysheep_blocky_hall, layout_gridville, nicolae_ashenzari_skybound,
          nicolae_ossuary_entry_giza, uniq_joseph, uniq_grum
D:9:      layout_irregular_city, mainiacjoe_overflow_paths, uniq_psyche
D:10:     layout_basic, lair_entry_dummy, erik_orc_1
D:11:     layout_cave_pools, hangedman_abyss_or_decor_lesser_grid,
          nicolae_elyvilon_temple_path, uniq_snorg
Temple:   regret_index_temple_waves
Lair:1:   cheibrodos_lair_river_kwai, layout_layer_cave, basic_altar,
          grunt_megastairs_1, infiniplex_staircase_pool, uniq_urug, uniq_fannar
Lair:2:   layout_cave_shapes, minmay_snake_entry_six_corridors,
          infiniplex_staircase_pool_2, grunt_megastairs_3

Skill      XL: |  1  2  3  4  5  6  7  8  9 10 11 |
---------------+----------------------------------+-----
Crossbows      | 3 4 5 6 7 8 |  8.7
Fighting       | 3 4 5 6 7 8 10 12 13 | 13.7
Dodging        | 2 3 4 6 7 8 9 |  9.8
Stealth        | |  0.6

Action                   |  1- 3 |  4- 6 |  7- 9 | 10-12 || total
-------------------------+-------+-------+-------+-------++-------
Melee: Dagger            |       |    18 |       |       ||    18
       Hand axe          |       |     7 |    31 |    20 ||    58
       War axe           |       |       |       |     9 ||     9
 Fire: Hand crossbow     |    78 |   134 |       |       ||   212
       Arbalest          |       |    15 |   265 |   268 ||   548
Invok: Ancestor Identity |       |       |     1 |       ||     1
       Ancestor Life: He |       |       |     1 |       ||     1
  Use: Scroll            |       |       |     8 |    11 ||    19
       Potion            |       |       |       |     6 ||     6
Armor: Robe              |    20 |    53 |    49 |       ||   122
       Steam dragon scal |       |       |     8 |    76 ||    84
Dodge: Dodged            |    14 |    52 |    91 |   133 ||   290
Block: Other             |       |       |    12 |    59 ||    71
       Reflection        |       |       |     2 |     2 ||     4

Table legend: (Time is in decaauts)
 A = Elapsed time spent in this place.
 B = Non-inter-level travel time spent in this place.
 C = Inter-level travel time spent in this place.
 D = Time resting spent in this place.
 E = Time spent auto-exploring this place.
 F = Levels seen in this place.
 G = Mean time per level.
                   A        B        C        D        E       F      G
               +--------+--------+--------+--------+--------+-----+--------+
         Total |  14641 |  14218 |    423 |    931 |  11004 |  15 |  976.1 |
       Dungeon |  13717 |  13295 |    422 |    931 |  10345 |  11 | 1247.0 |
        Temple |     64 |     64 |      0 |      0 |     21 |   1 |   64.0 |
          Lair |    441 |    441 |      0 |      0 |    308 |   2 |  220.5 |
       Ossuary |    417 |    417 |      0 |      0 |    330 |   1 |  417.0 |
               +--------+--------+--------+--------+--------+-----+--------+

Top non-repeatable levels by time:
     D:4: 2544 daAuts
     D:6: 1816 daAuts
    D:10: 1555 daAuts
     D:7: 1436 daAuts
     D:3: 1408 daAuts
     D:8: 1310 daAuts
     D:9: 1192 daAuts
     D:1: 971 daAuts
     D:2: 729 daAuts
     D:5: 460 daAuts
  Lair:1: 432 daAuts
 Ossuary: 417 daAuts
    D:11: 293 daAuts
  Temple: 64 daAuts
  Lair:2: 9 daAuts
